 Dungeon Crawl Stone Soup version 0.29.1-12-g30fa7ad0bf (webtiles) character file.

Game seed: 17611704616051106291

400 Linkola the Magician (level 6, -8/32 HPs)
             Began as a Deep Elf Air Elementalist on Dec 21, 2022.
             Mangled by an ice beast (13 damage)
             ... on level 5 of the Dungeon on Dec 22, 2022.
             The game lasted 00:11:22 (4646 turns).

Linkola the Magician (Deep Elf Air Elementalist)    Turns: 4646, Time: 00:11:23

Health: -8/32      AC:  5    Str:  5    XL:     6   Next: 54%
Magic:  14/16      EV: 13    Int: 26    God:
Gold:   239        SH:  0    Dex: 15    Spells: 3/16 levels left

rFire   . . .      SeeInvis .   (no weapon)
rCold   x . .      Faith    .   (no shield)
rNeg    . . .      Spirit   .   a - +2 robe
rPois   .          Reflect  .   e - +0 helmet "Kiovare" {Rampage rElec rC- Int+4}
rElec   +          Harm     .   (no cloak)
rCorr   .          Rampage  +   (no gloves)
Will    .....                   (no boots)
Stlth   ++........              (no amulet)
HPRegen 0.10/turn               (no ring)
MPRegen 0.15/turn               (no ring)

@: no status effects
A: no striking features
a: no special abilities


You were on level 5 of the Dungeon.
You visited 2 branches of the dungeon, and saw 6 of its levels.

You collected 239 gold pieces.

Inventory:

Armour
 a - a +2 robe (worn)
 e - the +0 helmet "Kiovare" (worn) {Rampage rElec rC- Int+4}
   (You acquired it on level 2 of the Dungeon)

   Int:       It affects your intelligence (+4).
   rC:        It makes you vulnerable to cold.
   rElec:     It insulates you from electricity.
   Rampage:   It bestows one free step when moving towards enemies.
Jewellery
 i - the ring of Nukeimin {Fire Contam rPois rCorr Slay-2}
   (You found it on level 2 of the Dungeon)

   [ring of fire]

   It enhances your fire magic.
   Slay:      It affects your accuracy & damage with ranged weapons and melee
   (-2).
   rF:        It protects you from fire.
   rC:        It makes you vulnerable to cold.
   rPois:     It protects you from poison.
   Contam:    It causes magical contamination when unequipped.
   rCorr:     It protects you from acid and corrosion.
 m - an amulet of guardian spirit
Scrolls
 h - 2 scrolls of enchant weapon
 k - a scroll of blinking
Potions
 b - a potion of magic
 c - 4 potions of cancellation
 d - 3 potions of degeneration {unknown}
 f - a potion of curing {unknown}
 g - a potion of haste {unknown}
 j - a potion of flight {unknown}
 l - a potion of berserk rage {unknown}


   Skills:
 + Level 2.8 Dodging
 + Level 3.3 Stealth
 + Level 0.2 Unarmed Combat
 + Level 5.6 Spellcasting
 + Level 3.0 Conjurations
 * Level 1.8 Summonings
 + Level 5.0 Air Magic


You had 3 spell levels left.
You knew the following spells:

 Your Spells              Type           Power      Damage    Failure   Level
a - Shock                 Conj/Air       100%       1d9       1%          1
b - Static Discharge      Conj/Air       28%        3-7/arc   1%          2
c - Swiftness             Air            33%        N/A       2%          3
d - Airstrike             Air            16%        2d(3-19)  9%          4
e - Call Canine Familiar  Summ           17%        N/A       10%         3

Your spell library contained the following spells:

 Spells                   Type           Power      Damage    Failure   Level
 Portal Projectile        Hex/Tloc       14%        N/A       22%         3
 Teleport Other           Tloc           7%         N/A       22%         3
 Leda's Liquefaction      Hex/Erth       3%         N/A       58%         4
 Summon Forest            Summ/Tloc      6%         N/A       80%         5
 Dispersal                Tloc           3%         N/A       100%        6


Dungeon Overview and Level Annotations

Branches:
Dungeon (5/15)             Temple (1/1) D:5

Altars:
Cheibriados
Dithmenos
Elyvilon
Gozag
Hepliaklqana
Makhleb
Nemelex Xobeh
Okawaru
Qazlal
Ru
Sif Muna
Trog
Uskayaw
Wu Jian
Xom
Yredelemnul
Zin
The Shining One


Message History

Aim: a howler monkey (moderately wounded, empty space bonus: 8/8)
You miscast Airstrike.
You are very lightly contaminated with residual magic.
Nothing appears to happen.
Casting: Airstrike (quite dangerous; 10% risk of failure)
Confirm with . or Enter, or press ? or * to list all spells.
The spell is quite dangerous to miscast (10% risk of failure)!
Continue anyway?
Aiming: Airstrike (quite dangerous; 10% risk of failure)
Press: ? - help, Dir - move target, f/p - howler monkey
Aim: a howler monkey (moderately wounded, empty space bonus: 7/8)
The air twists around and strikes the howler monkey!!
You kill the howler monkey!
Your Conjurations skill increases to level 3!
Your Air Magic skill increases to level 5!
An ice beast comes into view.
Aiming: Shock (safe; 1% risk of failure)
Press: ? - help, Q - select action, (/) - cycle Shift-Dir - straight line, f - ice beast
Aim: an ice beast (wandering, hasn't noticed you, 74% to hit)
The zap hits the ice beast.
The ice beast is lightly wounded.
There is a stone staircase leading up here.
Your magical contamination has completely faded away.
You climb upwards.
There is a stone staircase leading down here.
You start resting.
Magic restored.
You climb downwards.
The ice beast hits you but does no damage.
The ice beast hits you. The ice beast freezes you!!
You feel a terrible chill!
Ouch! That really hurt!
* * * LOW HITPOINT WARNING * * *
There is a stone staircase leading up, spattered with blood here.
Casting: Shock (safe; 1% risk of failure)
Confirm with . or Enter, or press ? or * to list all spells.
The ice beast is struck by an arc of lightning!
The ice beast is moderately wounded.
You resist.
You are struck by an arc of lightning.
The ice beast hits you.
* * * LOW HITPOINT WARNING * * *
The ice beast freezes you!
You feel a terrible chill!
You die...

####### #.....#
############.###.# ###
#................# ..#
#..........#Y#.#####
..###..#)......#@.......
...##...................
.#.##.####..............#
.#.##.####...............
##.##....................
##'######................
........................
.......##.........#.....
.......+.............


You could see an ice beast.

Vanquished Creatures
  An ogre (D:5)
  A phantom (D:5)
  A howler monkey (D:5)
  2 iguanas
  5 adders
  3 gnolls (D:2)
  An ufetubus (D:5)
  A worm (D:4)
  A dart slug (D:3)
  2 orcs (D:3)
  6 endoplasms
  2 giant cockroaches
  13 hobgoblins
  4 quokkas
  2 ball pythons
  5 bats
  2 frilled lizards
  5 goblins
  5 kobolds
  6 rats
68 creatures vanquished.

Notes
Turn   | Place    | Note
-------+----------+-------------------------------------------
     0 | D:1      | Linkola the Deep Elf Air Elementalist began the quest for
                  | the Orb.
     0 | D:1      | Reached XP level 1. HP: 10/10 MP: 6/6
   358 | D:1      | Got the Volume of the Overcast Jaunt
   377 | D:1      | Reached XP level 2. HP: 15/15 MP: 2/8
   380 | D:1      | Learned a level 2 spell: Static Discharge
  1114 | D:2      | Reached XP level 3. HP: 19/19 MP: 5/10
  1155 | D:2      | Identified a scroll of acquirement
  1155 | D:2      | Acquired the +0 helmet "Kiovare" {Rampage rElec rC- Int+4}
  1502 | D:2      | Learned a level 3 spell: Swiftness
  1596 | D:2      | Identified the ring of Nukeimin {Fire Contam rPois rCorr
                  | Slay-2}
  1716 | D:2      | Reached XP level 4. HP: 24/24 MP: 7/12
  1721 | D:2      | Learned a level 4 spell: Airstrike
  2172 | D:3      | You fall into a shaft and drop 1 floor!
  2205 | D:4      | Found a snail-covered altar of Cheibriados.
  2735 | D:3      | Found a large runed translucent door.
  2739 | D:3      | Found a large runed translucent door.
  3295 | D:3      | Found a white marble altar of Elyvilon.
  3298 | D:3      | Found a hide-covered altar of Uskayaw.
  3731 | D:4      | Found an opulent altar of Gozag.
  3907 | D:4      | Reached XP level 5. HP: 28/28 MP: 0/14
  4056 | D:5      | Entered Level 5 of the Dungeon
  4269 | D:5      | Found a staircase to the Ecumenical Temple.
  4295 | D:5      | Noticed a phantom
  4298 | D:5      | Killed a phantom
  4299 | D:5      | Reached skill level 5 in Spellcasting
  4299 | D:5      | Reached skill level 1 in Summonings
  4299 | D:5      | Reached XP level 6. HP: 32/32 MP: 5/15
  4303 | D:5      | Learned a level 3 spell: Call Canine Familiar
  4315 | Temple   | Entered the Ecumenical Temple
  4555 | D:5      | Reached skill level 5 in Air Magic
  4556 | D:5      | Noticed an ice beast
  4646 | D:5      | Mangled by an ice beast

Illustrated notes

Levels and vault maps discovered:
D:1:      dpeg_arrival_tiny_a, layout_rooms
D:2:      layout_basic, minivault_23, nicolae_underground_beach
D:3:      layout_loops_ring, jmf_multi_god_temple2, minivault_14
D:4:      layout_gridville, mainiacjoe_overflow_six_doors_small,
          mainiacjoe_overflow_brackets, minmay_misc_feat_secret_circle,
          minmay_misc_feat_enclosed
D:5:      layout_basic, lemuel_tele_altar, minmay_temple_entry_drinking_statues,
          minmay_strange_pillars
Temple:   eino_temple_lava

Skill      XL: |  1  2  3  4  5  6 |
---------------+-------------------+-----
Spellcasting   | 4 5 |  5.6
Conjurations   | 2 3 |  3.0
Air Magic      | 4 5 |  5.0
Stealth        | 3 |  3.3
Summonings     | 1 |  1.8
Dodging        | |  2.8
Unarmed Combat | |  0.2

Action                   |  1- 3 |  4- 6 || total
-------------------------+-------+-------++-------
Melee: Unarmed           |    11 |     1 ||    12
 Cast: Shock             |    60 |    63 ||   123
       Static Discharge  |     6 |     8 ||    14
       Airstrike         |       |     8 ||     8
  Use: Scroll            |     2 |    10 ||    12
Armor: Robe              |     1 |     1 ||     2
Dodge: Dodged            |    13 |       ||    13
